 Dungeon Crawl Stone Soup version 0.29-a0-317-gd16b76e6b1 (webtiles) character file.

Game seed: 15406926118084954007

283 Leszczynek the Chopper (level 6, -4/48 HPs)
             Began as a Human Gladiator on Mar 31, 2022.
             Slain by a hornet (15 damage)
             ... on level 4 of the Dungeon.
             The game lasted 00:07:18 (1200 turns).

Leszczynek the Chopper (Human Gladiator)            Turns: 1200, Time: 00:07:19

Health: -4/48      AC:  4    Str: 14 (17) XL:     6   Next: 54%
Magic:  6/6        EV: 12    Int:  8      God:
Gold:   58         SH:  0    Dex: 13 (14) Spells: 5/5 levels left

rFire   . . .      SeeInvis .   a - +0 war axe
rCold   . . .      Faith    .   (no shield)
rNeg    . . .      Spirit   .   b - +0 leather armour
rPois   +          Reflect  .   c - +0 helmet
rElec   .          Harm     .   (no cloak)
rCorr   .          Rampage  .   (no gloves)
Will    .....                   (no boots)
Stlth   +.........              (no amulet)
HPRegen 0.16/turn               j - ring of poison resistance
MPRegen 0.10/turn               (no ring)

@: mighty, lethally poisoned (-4 -> -26)
A: no striking features
a: no special abilities


You were on level 4 of the Dungeon.
You visited 1 branch of the dungeon, and saw 5 of its levels.
You also visited: Sewer.

You collected 58 gold pieces.

Inventory:

Hand Weapons
 a - a +0 war axe (weapon)
 g - a +0 battleaxe
Missiles
 d - 2 throwing nets
 e - 2 javelins (quivered)
 i - 3 poisoned darts
Armour
 b - a +0 leather armour (worn)
 c - a +0 helmet (worn)
 o - a +0 pair of gloves
Jewellery
 j - a ring of poison resistance (left hand)
Wands
 r - a wand of iceblast (12)
Scrolls
 f - 4 scrolls of identify {unknown}
 k - 2 scrolls of immolation {unknown}
 l - a scroll of enchant armour {unknown}
 t - 3 scrolls of teleportation {unknown}
Potions
 h - a potion of curing {@q1}
 m - a potion of flight {unknown}


   Skills:
 * Level 3.9 Fighting
 * Level 4.8 Axes
 + Level 3.0 Throwing
 + Level 3.8 Dodging


You had 5 spell levels left.
You didn't know any spells.
Your spell library was empty.

Dungeon Overview and Level Annotations

Branches:
Dungeon (5/15)              Sewer (visited)
 Temple: D:4-7

Altars:

Annotations:
D:4 2 transporters, Edmund; Inarius's ghost, amateur FeCK


Message History

You swing at nothing.
You swing at nothing.
You swing at nothing.
You swing at nothing.
You swing at nothing.
You swing at nothing.
You swing at nothing.
You swing at nothing.
You swing at nothing.
You swing at nothing.
You swing at nothing.
You swing at nothing.
You swing at nothing.
You swing at nothing.
You swing at nothing.
You swing at nothing.
You swing at nothing.
Key pressed, interrupting command repetition.
Enter note:
Found a murky puce potion.
Found a stone staircase leading up.
m - a murky puce potion
Found a stone staircase leading up.
Found an arbalest.
There is a stone staircase leading up here.
You climb upwards.
Level annotation: 2 transporters, Edmund; Inarius's ghost, amateur FeCK The hornet buzzes angrily.
The hornet stings you.
You are poisoned.
Found a book of Spectacle and 8 gold pieces.
There is a stone staircase leading down here.
Okay, then.
You feel very mighty all of a sudden.
You feel very sick. The hornet stings you!
* * * LOW HITPOINT WARNING * * *
You are lethally poisoned!
The hornet stings you!
You die...

##############
.............#
.............#
.............##
..............#
#..@......#
#....y......#
##........:..
##$.#######.
#.. #.. ...
..#. W....


You could see a hornet.

Vanquished Creatures
  A phantom (D:5)
  A necrophage (D:4)
  9 adders
  A worm (D:2)
  A dart slug (D:2)
  4 ball pythons
  7 bats
  4 endoplasms
  A giant cockroach (D:4)
  5 goblins
  4 hobgoblins
  8 jackals (D:2)
  4 quokkas
  A frilled lizard (D:2)
  3 kobolds
  3 rats (D:2)
57 creatures vanquished.

Notes
Turn   | Place    | Note
-------+----------+-------------------------------------------
     0 | D:1      | Leszczynek the Human Gladiator began the quest for the Orb.
     0 | D:1      | Reached XP level 1. HP: 16/16 MP: 1/1
    48 | D:1      | Reached XP level 2. HP: 7/22 MP: 2/2
    48 | D:1      | watch out, it's a QUOKKA
   291 | D:2      | Reached XP level 3. HP: 20/27 MP: 3/3
   385 | D:2      | Reached XP level 4. HP: 19/34 MP: 4/4
   394 | D:2      | Noticed an ogre
   395 | D:2      | uh huh
   490 | D:2      | Reached skill level 4 in Axes
   593 | D:3      | You fall into a shaft and drop 1 floor!
   604 | D:4      | Reached skill level 3 in Fighting
   610 | D:4      | Found a transporter.
   622 | D:4      | Noticed Inarius's ghost (amateur FeCK)
   657 | D:4      | Reached XP level 5. HP: 38/41 MP: 5/5
   677 | D:4      | Noticed a phantom
   716 | D:4      | Found a transporter.
   745 | D:4      | Found a glowing drain.
   767 | D:4      | Reached XP level 6. HP: 27/47 MP: 6/6
   772 | Sewer    | Entered a sewer
   811 | Sewer    | Noticed Pargi
   972 | D:4      | Noticed Edmund
  1022 | D:5      | Entered Level 5 of the Dungeon
  1027 | D:5      | HP: 8/47 [phantom (6)]
  1050 | D:5      | HP: 6/47 [phantom (5)]
  1051 | D:5      | HP: 2/47 [phantom (4)]
  1053 | D:5      | Reached skill level 3 in Throwing
  1199 | D:4      | Noticed a hornet
  1200 | D:4      | Slain by a hornet

Illustrated notes ..P###.............#.# .. .P≈#.#.#.#...........#... P..#.†..##............... ≈..#.#.................=. ≈≈≈'.#.###.........#.##> ######.# #...........# #.# ###.###)##### #.. ........# #.# ##.##.#@# ... #. #.#.# # ... ##.## #$. #.. ..# .## Turn 48 on D:1: watch out, it's a QUOKKA

.. #.###.## # .## ..#...#
# .w#. #.....# # .g.
#.#...# # #.###....# ####
##g##........# #...
.......#.#...## #..#
#..........############.#.
#.#......@†........†...###
#...#O#.#...########....#.
.......###.....# #......
..#....#
#.....#######......
#...###
#.#...†††...†...... ..##
#..##..#######...... ##
........# #......
##.#.##.## #...... #.#.
#.# ####.##


Turn 395 on D:2: uh huh

Levels and vault maps discovered:
D:1:      lightli_arrival_flooded_house, layout_loops_ring
D:2:      layout_loops_ring, minmay_fractal_squares_5
D:3:      layout_loops_ring
D:4:      layout_rooms, minmay_temple_entry_slanted, gammafunk_ghost_arena,
          gup_sewer_entry_glass, chequers_mini_garden, uniq_edmund
D:5:      layout_cave_pools

Skill      XL: |  1  2  3  4  5  6 |
---------------+-------------------+-----
Axes           | 4 |  4.8
Fighting       | 3 |  3.9
Throwing       | 3 |  3.0
Dodging        | |  3.8

Action                   |  1- 3 |  4- 6 || total
-------------------------+-------+-------++-------
Melee: War axe           |    70 |   110 ||   180
       Punch             |       |     1 ||     1
Throw: Javelin           |     9 |    13 ||    22
       Throwing net      |     4 |       ||     4
  Use: Potion            |       |     8 ||     8
 Stab: Sleeping          |       |     1 ||     1
Armor: Leather armour    |    23 |    50 ||    73
Dodge: Dodged            |    69 |   109 ||   178

Table legend: (Time is in decaauts)
 A = Elapsed time spent in this place.
 B = Non-inter-level travel time spent in this place.
 C = Inter-level travel time spent in this place.
 D = Time resting spent in this place.
 E = Time spent auto-exploring this place.
 F = Levels seen in this place.
 G = Mean time per level.
                   A        B        C        D        E       F      G
               +--------+--------+--------+--------+--------+-----+--------+
         Total |   1309 |   1290 |     19 |     11 |      0 |   6 |  218.2 |
       Dungeon |   1243 |   1224 |     19 |     11 |      0 |   5 |  248.6 |
         Sewer |     66 |     66 |      0 |      0 |      0 |   1 |   66.0 |
               +--------+--------+--------+--------+--------+-----+--------+

Top non-repeatable levels by time:
     D:4: 379 daAuts
     D:2: 357 daAuts
     D:1: 228 daAuts
     D:5: 212 daAuts
   Sewer: 66 daAuts
     D:3: 65 daAuts
